 Dungeon Crawl Stone Soup version 0.28-a0-1235-g7c8fac35f0 (webtiles) character file.

Game seed: 5993892450033644660

88 r3xj the Covered (level 4, -2/41 HPs)
             Began as a Minotaur Fighter on Dec 24, 2021.
             Killed from afar by Natasha (8 damage)
             ... with a magic dart
             ... on level 2 of the Dungeon.
             The game lasted 00:02:13 (1135 turns).

r3xj the Covered (Minotaur Fighter)                 Turns: 1135, Time: 00:02:14

Health: -2/41      AC:  0    Str: 22    XL:     4   Next: 29%
Magic:  3/3        EV: 17    Int:  5    God:
Gold:   33         SH:  0    Dex: 15    Spells: 3/3 levels left

rFire   . . .      SeeInvis .   (weapon currently unavailable)
rCold   . . .      Faith    .   (shield currently unavailable)
rNeg    . . .      Spirit   .   (armour currently unavailable)
rPois   .          Reflect  .   (helmet currently unavailable)
rElec   .          Harm     .   (cloak currently unavailable)
rCorr   .          Rampage  .   (gloves currently unavailable)
Will    .....                   (boots currently unavailable)
Stlth   +.........              (no amulet)
HPRegen 0.13/turn               (ring currently unavailable)
MPRegen 0.08/turn               (ring currently unavailable)

@: bat-form, flying, very quick
A: fast, flying, no casting, tiny, (horns 2), (retaliatory headbutt)
a: no special abilities


You were on level 2 of the Dungeon.
You were a bat.
You visited 1 branch of the dungeon, and saw 3 of its levels.

You collected 33 gold pieces.

Inventory:

Hand Weapons
 a - a +0 flail (melded)
Armour
 b - a +0 scale mail (melded)
 c - a +0 buckler (melded)
Scrolls
 g - a scroll of immolation {unknown}
 h - a scroll of magic mapping {unknown}
 i - 2 scrolls of identify {unknown}
 j - a scroll of brand weapon {unknown}
Potions
 d - a potion of might
 e - a potion of degeneration {unknown}
 f - 2 potions of lignification {unknown}


   Skills:
 + Level 4.5 Fighting
 + Level 3.6 Maces & Flails
 + Level 4.5 Armour
 - Level 4.0 Shields


You had 3 spell levels left.
You didn't know any spells.
Your spell library was empty.

Dungeon Overview and Level Annotations

Branches:
Dungeon (3/15)

Altars:

Annotations:
D:2 Natasha


Innate Abilities, Weirdness & Mutations

You are a bat.
You are tiny and dextrous.
You move quickly.
You are flying.
Your equipment is almost entirely melded.
You are incapable of wielding weapons or throwing items.
You cannot cast spells.
((You have a pair of horns on your head.))
((You reflexively headbutt those who attack you in melee.))


Message History

You feel yourself slow down.
Natasha is nearby!
Natasha is nearby!
Natasha claws you!
Natasha mumbles some strange words.
Natasha's front paws start to glow.
Natasha barely misses you. You furiously retaliate!
You headbutt Natasha!
Natasha is nearby!
You sock Natasha!
You kill Natasha!
Suddenly Natasha's spirit rises from her lifeless body.
You have reached level 4!
You feel agile.
You feel yourself speed up.
Natasha, Servant of Life and Death comes into view.
She is carrying a wand of polymorph (11).
Natasha is nearby!
Things that are here:
a +0 whip; a kobold skeleton Natasha is nearby!
Natasha zaps a wand.
You turn into a bat.
Your +0 flail melds into your body.
Your +0 buckler melds into your body.
Your +0 scale mail melds into your body.
Natasha is nearby!
Natasha zaps a wand.
Natasha is nearby!
You hit Natasha but do no damage. Natasha claws you!
Natasha is nearby!
You are too injured to fight recklessly!
Natasha is nearby!
You are too injured to fight recklessly!
Natasha casts a spell at you. The magic dart hits you!
* * * LOW HITPOINT WARNING * * *
Things that are here:
a +0 whip; a kobold skeleton Natasha wildly gestures.
Natasha glows brightly for a moment.
Natasha stares at you and mumbles some strange words.
The magic dart hits you!
You die...

..... ##.#. ... ...#
#########.# #..# ....
....###..# ####.####....#..#
# #............#..#.# # .
#............#..#.#.#. ..
########.###>†.b.#...........
#...........†.............. .
#.######.##.######)#####.#...
#.# #.##........h.........
#.# #.##.######....)####. #.#
#.##. #####....... #.# #.##.
...##.. #.# #.......... .....
#.# #........... .......


You could see Natasha.

Vanquished Creatures
  Natasha (twice) (D:2)
  An adder (D:3)
  A dart slug (D:1)
  An endoplasm (D:1)
  A giant cockroach (D:1)
  4 goblins
  3 hobgoblins
  5 kobolds
  A quokka (D:2)
  3 ball pythons (D:1)
  3 bats (D:1)
  A frilled lizard (D:1)
  2 rats (D:1)
28 creatures vanquished.

Notes
Turn   | Place    | Note
-------+----------+-------------------------------------------
     0 | D:1      | r3xj the Minotaur Fighter began the quest for the Orb.
     0 | D:1      | Reached XP level 1. HP: 19/19 MP: 0/0
   140 | D:1      | Found a faded altar of an unknown god.
   196 | D:1      | Reached XP level 2. HP: 23/27 MP: 1/1
   791 | D:2      | Noticed Natasha
   793 | D:2      | Noticed a crimson imp
   799 | D:2      | Noticed a crimson imp
   826 | D:3      | Reached XP level 3. HP: 16/33 MP: 2/2
   987 | D:2      | Killed Natasha
  1096 | D:2      | Noticed Natasha
  1101 | D:2      | Killed Natasha
  1102 | D:2      | Reached XP level 4. HP: 22/41 MP: 3/3
  1125 | D:2      | Noticed Natasha
  1135 | D:2      | Killed from afar by Natasha

Illustrated notes

Levels and vault maps discovered:
D:1:      amcnicky_arrival_feature_with_door, layout_basic,
          hellmonk_ecumenical_altar_heavens_door
D:2:      layout_basic, uniq_natasha
D:3:      layout_rooms, chequers_serial_rivers_small_3,
          kennysheep_generic_room_9, uniq_robin

Skill      XL: |  1  2 |
---------------+-------+-----
Armour         | 4 |  4.5
Shields        | 4 |  4.0
Fighting       | 4 |  4.5
Maces & Flails | 3 |  3.6

Action                   |  1- 3 |  4- 6 || total
-------------------------+-------+-------++-------
Melee: Flail             |    71 |       ||    71
       Headbutt          |     2 |       ||     2
       Unarmed           |       |     1 ||     1
Armor: Scale mail        |    38 |       ||    38
Dodge: Dodged            |    39 |       ||    39
Block: Buckler           |    16 |       ||    16

Table legend: (Time is in decaauts)
 A = Elapsed time spent in this place.
 B = Non-inter-level travel time spent in this place.
 C = Inter-level travel time spent in this place.
 D = Time resting spent in this place.
 E = Time spent auto-exploring this place.
 F = Levels seen in this place.
 G = Mean time per level.
                   A        B        C        D        E       F      G
               +--------+--------+--------+--------+--------+-----+--------+
         Total |   1165 |   1145 |     20 |    148 |    793 |   3 |  388.3 |
       Dungeon |   1165 |   1145 |     20 |    148 |    793 |   3 |  388.3 |
               +--------+--------+--------+--------+--------+-----+--------+

Top non-repeatable levels by time:
     D:1: 705 daAuts
     D:2: 303 daAuts
     D:3: 157 daAuts
